 Dungeon Crawl Stone Soup version 0.24-a0-506-g958ff8e (webtiles) character file.

Game seed: 4629444839698624343

166 Spazmo the Magician (level 5, -2/28 HPs)
             Began as a Deep Elf Fire Elementalist on July 18, 2019.
             Killed from afar by an orc wizard (5 damage)
             ... with a puff of flame
             ... on level 2 of the Dungeon.
             The game lasted 00:04:05 (1478 turns).

Spazmo the Magician (Deep Elf Fire Elementalist)    Turns: 1478, Time: 00:04:06

Health: -2/28      AC:  4    Str:  5    XL:     5   Next: 22%
Magic:  2/14       EV: 13    Int: 21    God:
Gold:   88         SH:  0    Dex: 15    Spells: 3/13 levels left

rFire    . . .     SeeInvis .   j - +2 quarterstaff (chaos)
rCold    . . .     Gourm    .   (shield currently unavailable)
rNeg     . . .     Faith    .   a - +0 robe
rPois    .         Spirit   .   (no helmet)
rElec    .         Reflect  .   k - +1 cloak
rCorr    .         Harm     .   (no gloves)
MR       .....                  (no boots)
Stlth    ++........             (no amulet)
HPRegen  0.09/turn              (no ring)
MPRegen  0.14/turn              (no ring)

@: no status effects
A: no striking features
a: no special abilities


You were on level 2 of the Dungeon.
You were not hungry.

You visited 1 branch of the dungeon, and saw 3 of its levels.

You collected 88 gold pieces.

Inventory:

Hand Weapons
 h - a +0 dagger
 j - a +2 quarterstaff of chaos (weapon)
Missiles
 b - 80 stones (quivered)
Armour
 a - a +0 robe (worn)
 k - a +1 cloak (worn)
Scrolls
 d - 3 scrolls of identify
Potions
 e - a potion of curing
 g - a potion of heal wounds {unknown}
 i - a potion of agility {unknown}
Comestibles
 c - 7 rations
 f - 3 chunks of flesh


   Skills:
 - Level 2.4 Dodging
 - Level 2.4 Stealth
 + Level 4.9 Spellcasting
 + Level 3.3 Conjurations
 + Level 4.6 Fire Magic


You had 3 spell levels left.
You knew the following spells:

 Your Spells              Type           Power        Failure   Level  Hunger
a - Flame Tongue          Conj/Fire      ###..        2%          1    None
b - Throw Flame           Conj/Fire      ###...       3%          2    None
c - Conjure Flame         Conj/Fire      ###.....     6%          3    ##.....
d - Sticky Flame          Conj/Fire      ###.....     22%         4    ####...

Your spell library contained the following spells:

 Spells                   Type           Power        Failure   Level  Hunger
 Inner Flame              Hex/Fire       ##......     13%         3    ##.....
 Fireball                 Conj/Fire      ###.......   52%         5    #####..


Dungeon Overview and Level Annotations

Branches:
Dungeon (3/15)

Altars:


Message History

Something hits you. The orc wizard casts a spell at you.
The puff of frost hits something.
You hear some strange, mumbled words.
A magic dart appears from out of thin air!
The magic dart hits you!
* * * LOW HITPOINT WARNING * * *
You climb upwards.
Reactivating autopickup.
There is a stone staircase leading down here.
Casting: Flame Tongue (safe; 2% risk of failure)
Confirm with . or Enter, or press ? or * to list all spells.
Aiming: Flame Tongue (safe; 2% risk of failure)
Press: ? - help, Shift-Dir - straight line The flame tongue hits something but does no damage.
You hear some strange, mumbled words.
A puff of flame appears from out of thin air!
Deactivating autopickup; reactivate with Ctrl-A.
The puff of flame hits you.
You die...

.#.............##########
>...#..........#
....####.......# ....#
#.......# ....#
#......######
....####...........#
................>#.#
....############{#.#
....#### #@#.# (......#
#.#.# .......# #.#.#
.......# #.#.### .......#
#.#...# .......# #.###.#
.......# #.###.# .......#
#.....# ######## #######


There were no monsters in sight!

Vanquished Creatures
  Crazy Yiuf (D:2)
  An orc wizard (D:3)
  Jessica (D:2)
  3 adders (D:2)
  A worm (D:2)
  2 dart slugs (D:1)
  3 leopard geckos
  3 orcs (D:3)
  A giant cockroach (D:2)
  8 goblins
  5 hobgoblins
  5 kobolds
  4 bats
  5 frilled lizards
  5 rats
48 creatures vanquished.

Notes
Turn   | Place    | Note
-------+----------+-------------------------------------------
     0 | D:1      | Spazmo the Deep Elf Fire Elementalist began the quest for
                  | the Orb.
     0 | D:1      | Reached XP level 1. HP: 10/10 MP: 6/6
   159 | D:1      | Reached XP level 2. HP: 7/15 MP: 6/8
   163 | D:1      | Learned a level 2 spell: Throw Flame
   567 | D:1      | Reached XP level 3. HP: 8/19 MP: 2/10
   572 | D:1      | Learned a level 3 spell: Conjure Flame
  1072 | D:2      | Reached XP level 4. HP: 24/24 MP: 4/12
  1083 | D:2      | Learned a level 4 spell: Sticky Flame
  1157 | D:2      | Noticed Jessica
  1160 | D:2      | Killed Jessica
  1175 | D:2      | Found a runed translucent door.
  1176 | D:2      | Noticed Crazy Yiuf
  1194 | D:2      | Killed Crazy Yiuf
  1467 | D:3      | Reached XP level 5. HP: 28/28 MP: 7/14
  1478 | D:2      | Killed from afar by an orc wizard

Levels and vault maps discovered:
D:1:      scummos_arrival_star, layout_basic, chequers_serial_rivers_micro_b,
          dk_noncrumbling_4, nrook_mini_backslash
D:2:      layout_basic, minmay_cupped, uniq_crazy_yiuf_cottage, uniq_jessica
D:3:      layout_basic, serial_undead, serial_undead_e, serial_undead_d,
          serial_undead_d, serial_undead_b, serial_undead_c

Skill      XL: |  1  2  3  4 |
---------------+-------------+-----
Conjurations   | 2 3 |  3.3
Spellcasting   | 4 |  4.9
Fire Magic     | 4 |  4.6
Dodging        | |  2.4
Stealth        | |  2.4

Action                   |  1- 3 |  4- 6 || total
-------------------------+-------+-------++-------
Melee: Unarmed           |     1 |       ||     1
 Cast: Flame Tongue      |    67 |    24 ||    91
       Throw Flame       |     3 |     4 ||     7
       Sticky Flame      |       |     1 ||     1
  Use: Scroll            |     2 |     1 ||     3
       Potion            |       |     1 ||     1
  Eat: Chunk             |       |     2 ||     2
Armor: Robe              |     3 |     1 ||     4
Dodge: Dodged            |    15 |     3 ||    18

Table legend:
 A = Non-vault XP
 B = Vault XP
 C = Vault XP percentage of total XP
 D = Non-vault monster count
 E = Vault monster count
 F = Vault count percentage of total count
                 A         B        C        D         E       F
            +---------+---------+-------+---------+---------+-------
      Total |     156 |      82 |  34.5 |      43 |       5 |  10.4
            +---------+---------+-------+---------+---------+-------
        D:1 |      46 |       0 |   0.0 |      25 |       0 |   0.0
        D:2 |      61 |      82 |  57.3 |      14 |       5 |  26.3
        D:3 |      49 |       0 |   0.0 |       4 |       0 |   0.0
            +---------+---------+-------+---------+---------+-------
